 Dungeon Crawl Stone Soup version 0.19.0-19-g8c6edcc (webtiles) character file.

62967 RaHiT the Carver (level 14, -10/132 HPs)
             Began as a Demonspawn Chaos Knight on Nov 16, 2016.
             Mangled by a green death (12 damage)
             ... summoned by Asterion
             ... on level 1 of the Spider Nest.
             The game lasted 04:35:40 (22792 turns).

RaHiT the Carver (Demonspawn Chaos Knight)         Turns: 22792, Time: 04:35:40

Health: -10/132    AC: 29    Str: 26    XL:     14   Next: 66%
Magic:  0/19       EV:  8    Int: 15    God:    Xom [......]
Gold:   3100       SH:  0    Dex: 12    Spells: 1 memorised, 12 levels left

rFire  + + +     SeeInvis +     x - +3 triple sword (flame)
rCold  . . .     Gourm    .     K - +2 plate armour {rF+}
rNeg   . . .     Faith    .     (shield currently unavailable)
rPois  +         Spirit   +     (helmet unavailable)
rElec  .         Reflect  .     T - +2 cloak {+Inv}
rCorr  +         Harm     .     F - +2 pair of gloves
MR     ++++.                    e - +0 pair of boots
Stlth  ..........               Y - amulet of guardian spirit
                                J - ring of poison resistance
                                A - ring of resist corrosion

@: mighty, drained
A: antennae 3, slimy green scales 2, see invisible, blink, fire resistance 3,
foul stench 1, high mp 1, magic resistance 3, robust 2, spiny 2, strong 2, wild
magic 1, evolution 1, rot immunity, MP-powered wands
a: Blink, Renounce Religion, Evoke Invisibility


You were on level 1 of the Spider Nest.
You worshipped Xom.
You were a very special plaything of Xom.
You were not hungry.

You visited 4 branches of the dungeon, and saw 19 of its levels.
You also visited: Volcano.

You collected 3100 gold pieces.

Inventory:

Hand Weapons
 a - a +0 falchion of chaos
 p - a +3 scimitar of freezing
 x - a +3 triple sword of flaming (weapon)
Armour
 e - a +0 pair of boots (worn)
 w - a +3 ring mail
 F - a +2 pair of gloves (worn)
 K - a +2 plate armour of fire resistance (worn)
 T - a +2 cloak of invisibility (worn)
Jewellery
 k - an uncursed amulet of regeneration {unknown}
 A - a ring of resist corrosion (left hand)
 H - the ring "Ubaelockot" {Fire Str+4 SInv}
   (You found it on level 4 of the Lair of Beasts)

   [ring of fire]

   It enhances your fire magic.
   It affects your strength (+4).
   It protects you from fire.
   It makes you vulnerable to cold.
   It lets you see invisible.
 J - a ring of poison resistance (right hand)
 Y - an amulet of guardian spirit (around neck)
Wands
 i - a wand of paralysis (5/24)
 q - a wand of teleportation (4/9)
 S - a wand of lightning (0/15)
 V - a wand of acid (2/15)
 W - a wand of slowing (19/48)
 Z - a wand of digging (18/24)
Scrolls
 d - 3 scrolls of blinking
 h - 5 scrolls of teleportation
 r - 6 scrolls of remove curse
 t - 2 scrolls of magic mapping
 v - 3 scrolls of fog
 y - a scroll of recharging
 G - 2 scrolls of enchant armour
 L - 3 scrolls of vulnerability
 O - 3 scrolls of enchant weapon
 Q - 2 scrolls of torment
 U - 3 scrolls of fear
Potions
 b - 4 potions of flight
 f - a potion of ambrosia
 l - a potion of cancellation {unknown}
 m - 7 potions of curing
 n - 2 potions of agility
 o - a potion of berserk rage
 u - 2 potions of resistance
 B - a potion of invisibility
 N - 4 potions of brilliance
 X - 4 potions of might
Miscellaneous
 g - a phantom mirror
Comestibles
 c - 14 bread rations
 j - a slice of pizza
 s - a meat ration
 D - 15 fruits


   Skills:
 - Level 10.1(9.4) Fighting
 * Level 14.5(13.7) Long Blades
 - Level 14.0(13.2) Armour
 - Level 2.0(1.4) Dodging
   Level 8.0(7.3) Shields
 - Level 5.0(4.4) Evocations


You had 12 spell levels left.
You knew the following spells:

 Your Spells              Type           Power        Failure   Level  Hunger
a - Corona                Hex            #......      99%         1    ##.....


Dungeon Overview and Level Annotations

Branches:
Dungeon (11/15)            Temple (1/1) D:7            Lair (6/6) D:8
  Swamp (0/4) Lair:4       Spider (1/4) Lair:4        Slime (0/5) Lair:5
    Orc (0/2) D:9

Altars:
Ashenzari
Cheibriados
Dithmenos
Elyvilon
Fedhas
Gozag
Hepliaklqana
Kikubaaqudgha
Makhleb
Nemelex Xobeh
Okawaru
Qazlal
Ru
Sif Muna
Trog
Uskayaw
Vehumet
Xom
Yredelemnul
Zin
The Shining One
Jiyva

Shops:
D:9 %

Annotations:
Spider:1 Asterion


Innate Abilities, Weirdness & Mutations

You have a pair of large antennae on your head. (SInv)
You are mostly covered in slimy green scales. (AC +3)
You may emit foul miasma when damaged in melee.
You are mostly covered in sharp spines.
You are immune to rotting.
You have supernaturally acute eyesight. (SInv)
You can translocate small distances at will.
Your flesh is almost immune to the effects of heat. (rF+++)
You have an increased reservoir of magic. (+10% MP)
You are extremely resistant to the effects of hostile enchantments. (MR+++)
You are very robust. (+20% HP)
Your muscles are very strong. (Str +4)
Your spells are a little harder to cast, but a little more powerful.
You evolve.
You expend magic power (3 MP) to strengthen your wands.


Message History

The green death gestures at you. The bolt of poison hits you! You resist.
* * * LOW HITPOINT WARNING * * *
You feel better.
You blink.
You feel slightly more hungry. "Fight to survive, mortal."
You feel better.
Xom's power touches on you for a moment.
Your body is wracked with pain!
* * * LOW HITPOINT WARNING * * *
Asterion utters an invocation to Makhleb.
The white imp gestures at you. The puff of frost hits you!
* * * LOW HITPOINT WARNING * * *
Unknown command.
You blink.
You feel slightly more hungry.
Asterion prays to Makhleb.
The green death hits you!
You die...
Xom cackles wildly!

.....####..........
###...^)..........
#....###........#
###...###........#
#......##.......######
.....#.##......###...#
#....##.#...^...##...#
#.......##...##..5...##
.#.......#### ##@25§4.#
.........######§..H...#
...........##.........#
.............#.......##
............##.......#
.............##......#
.............##......#
.............###....##
..............##....#


You could see Asterion, a green death, a rust devil, an iron imp and a white
imp.

Vanquished Creatures
  Rupert (Lair:6)
  A stone giant (Volcano)
  A dire elephant (Lair:6)
  Snorg (Lair:6)
  A rakshasa (D:11)
  5 hydras
  2 ice dragons (Lair:6)
  A great orb of eyes (shapeshifter) (Lair:6)
  3 death yaks (Lair:5)
  A fire crab (shapeshifter) (Spider:1)
  3 hill giants
  A lindwurm (Lair:6)
  2 wolf spiders (Spider:1)
  2 orb spiders (Spider:1)
  A shining eye (Spider:1)
  2 ugly things (D:11)
  2 oklob plants
  4 elephants
  5 black mambas
  7 torpor snails
  Maurice (D:9)
  A gargoyle (D:10)
  10 spiny frogs
  A centaur skeleton (D:11)
  5 rime drakes
  3 demonic crawlers (Spider:1)
  An efreet (Volcano)
  8 komodo dragons
  2 trolls
  7 jumping spiders (Spider:1)
  2 polar bears (Lair:6)
  2 tyrant leeches (Lair:6)
  A two-headed ogre (D:10)
  6 hornets
  16 blink frogs
  7 dream sheep (Lair:6)
  12 hippogriffs
  24 redbacks
  A shadow (D:11)
  5 tarantellas (Spider:1)
  A wyvern (D:10)
  10 yaks
  Sigmund (D:7)
  4 hogs (D:7)
  3 fire elementals (Volcano)
  5 basilisks
  2 steam dragons
  A hungry ghost (D:8)
  6 vampire mosquitoes
  Menkaure (D:5)
  2 mottled dragons (Lair:6)
  Edmund (D:7)
  An insubstantial wisp (D:8)
  8 water moccasins
  5 porcupines
  7 orc warriors
  2 swamp drakes
  An ice beast (D:10)
  2 black bears
  An eye of draining (shapeshifter) (Spider:1)
  A sky beast (D:10)
  5 ogres
  11 wolves
  6 centaurs
  3 phantoms
  2 big kobolds
  13 crocodiles
  A gnoll sergeant (D:9)
  2 earth elementals (Volcano)
  15 bullfrogs
  Dowan (D:5)
  2 wyvern zombies (D:10)
  4 scorpions
  9 wights
  6 killer bees (D:10)
  3 howler monkeys
  An electric eel (Lair:5)
  A centaur zombie (D:10)
  7 crimson imps
  A quasit (D:11)
  6 hounds
  4 jellies
  2 bullfrog zombies
  A gnoll shaman (D:9)
  6 iguanas
  10 orc priests
  18 orc wizards
  8 worker ants
  A hound skeleton (D:3)
  A howler monkey zombie (D:7)
  A worker ant zombie (D:9)
  6 gnolls (D:9)
  A howler monkey skeleton (D:9)
  A river rat (D:8)
  9 adders
  5 shadow imps
  An ooze (D:1)
  2 worms (D:4)
  4 dart slugs
  6 leopard geckos
  63 orcs
  7 giant cockroaches
  A goblin (D:2)
  4 hobgoblins
  5 jackals (D:9)
  3 quokkas
  19 bats
  6 frilled lizards
  3 jackal skeletons
  17 kobolds
  A leopard gecko skeleton (D:6)
  A leopard gecko zombie (D:8)
  A quokka skeleton (D:6)
  18 rats
  A butterfly (Lair:4)
  3 fungi
  4 plants
569 creatures vanquished.

Vanquished Creatures (collateral kills)
  The ghost of ender666 the Blocker, a journeyman GrFi of Makhleb (D:11)
  A human (D:6)
  Duvessa (D:5)
  A phantom (D:7)
  A jelly (D:8)
  Jessica (D:2)
  An orc wizard (D:9)
  An orc (D:9)
  A leopard gecko skeleton (D:5)
9 creatures vanquished.

Vanquished Creatures (others)
  A lindwurm (Lair:6)
  A hornet (Lair:6)
  A hippogriff (D:6)
  3 blink frogs
  An orc warrior (D:7)
  An iguana (Lair:6)
  7 fungi
  30 plants
45 creatures vanquished.

Grand Total: 623 creatures vanquished

Notes
Turn   | Place    | Note
-------+----------+-------------------------------------------
     0 | D:1      | RaHiT the Demonspawn Chaos Knight began the quest for the Orb.
     0 | D:1      | Reached XP level 1. HP: 18/18 MP: 1/1
    37 | D:1      | Reached skill level 1 in Dodging
    83 | D:1      | Gained mutation: You are partially covered in slimy green scales. (AC +2) [demonic ancestry]
    83 | D:1      | Reached XP level 2. HP: 24/24 MP: 2/2
   110 | D:1      | XOM: harmless Chrm miscast
   245 | D:1      | XOM: harmless Ice miscast
   555 | D:1      | XOM: harmless Air miscast
   727 | D:2      | Gained mutation: You are mostly covered in slimy green scales. (AC +3) [demonic ancestry]
   727 | D:2      | Reached XP level 3. HP: 25/29 MP: 3/3
   929 | D:2      | XOM: cloud trail
   941 | D:2      | XOM: cast spell 'Spider Form'
  1260 | D:2      | XOM: scenery: 1 doors open
  1298 | D:2      | Noticed Jessica
  1303 | D:2      | XOM: cast spell 'Summon Hydra'
  1305 | D:2      | Killed Jessica
  1305 | D:2      | Reached XP level 4. HP: 29/35 MP: 4/4
  1498 | D:2      | XOM: divination: detect creatures
  1715 | D:3      | XOM: silly message
  1777 | D:3      | XOM: divination: detect creatures
  1905 | D:3      | XOM: harmless Divn miscast
  1926 | D:3      | Found a shadowy altar of Dithmenos.
  2392 | D:3      | Gained mutation: You are partially covered in sharp spines. [demonic ancestry]
  2392 | D:3      | Reached XP level 5. HP: 35/41 MP: 5/5
  2583 | D:4      | XOM: noise
  2645 | D:4      | Reached skill level 5 in Long Blades
  2652 | D:4      | Found a glowing silver altar of Zin.
  2657 | D:4      | XOM: harmless Fire miscast
  2835 | D:4      | Gained mutation: You have a pair of small antennae on your head. [demonic ancestry]
  2835 | D:4      | Reached XP level 6. HP: 21/47 MP: 6/6
  3241 | D:4      | XOM: polymorph iguana -> hound
  3243 | D:4      | XOM: polymorph hound -> centaur
  3382 | D:4      | Found a glowing golden altar of the Shining One.
  3444 | D:4      | XOM: give mutation
  3444 | D:4      | Gained mutation: Scrolls take you a little longer to read. [Xom's mischief]
  3508 | D:5      | Entered Level 5 of the Dungeon
  3616 | D:5      | Gained mutation: You are mostly covered in sharp spines. [demonic ancestry]
  3616 | D:5      | Reached XP level 7. HP: 50/52 MP: 7/7
  3791 | D:5      | Noticed Menkaure
  3796 | D:5      | XOM: butterfly on damage
  3801 | D:5      | Killed Menkaure
  4040 | D:5      | XOM: god gift: 24 gold pieces
  4088 | D:5      | XOM: divination: detect creatures
  4092 | D:5      | XOM: cleaving
  4153 | D:5      | Found a stormy altar of Qazlal.
  4251 | D:5      | XOM: give mutations
  4251 | D:5      | Gained mutation: Your muscles are strong. (Str +2) [Xom's grace]
  4251 | D:5      | Gained mutation: Your spells are a little harder to cast, but a little more powerful. [Xom's grace]
  4251 | D:5      | Gained mutation: You are resistant to hostile enchantments. (MR+) [Xom's grace]
  4251 | D:5      | Gained mutation: Your mind is acute. (Int +2) [Xom's grace]
  4336 | D:5      | XOM: 5-stop teleportation journey
  4337 | D:5      | Noticed Duvessa
  4341 | D:5      | Noticed Dowan
  4342 | D:5      | XOM: summons 7 friendly demons
  4349 | D:5      | Killed Duvessa
  4349 | D:5      | Gained mutation: You are immune to rotting. [demonic ancestry]
  4349 | D:5      | Reached XP level 8. HP: 58/58 MP: 8/8
  4356 | D:5      | Killed Dowan
  4559 | D:5      | XOM: silly message
  4710 | D:5      | XOM: silly message
  4713 | D:5      | Learned a level 1 spell: Corona
  4780 | D:6      | XOM: divination: detect creatures
  4817 | D:6      | Found a shattered altar of Ashenzari.
  5181 | D:6      | XOM: smoke on damage
  5428 | D:6      | XOM: divination: detect items
  5537 | D:6      | Found a sacrificial altar of Ru.
  5630 | D:6      | HP: 1/58 [orc warrior/halberd (15)]
  5634 | D:6      | Reached skill level 1 in Shields
  5835 | D:6      | XOM: god gift: leather armour {god gift}
  5909 | D:7      | XOM: summons friendly shadow imp
  5989 | D:7      | Found a staircase to the Ecumenical Temple.
  6009 | D:7      | Found a burning altar of Makhleb.
  6012 | Temple   | Entered the Ecumenical Temple
  6118 | Temple   | XOM: give mutations
  6118 | Temple   | Gained mutation: Your flesh is heat resistant. (rF+) [Xom's grace]
  6118 | Temple   | Gained mutation: You are highly resistant to hostile enchantments. (MR++) [Xom's grace]
  6118 | Temple   | Gained mutation: Your flesh is very heat resistant. (rF++) [Xom's grace]
  6118 | Temple   | Gained mutation: Your spells are harder to cast, but more powerful. [Xom's grace]
  6258 | D:7      | XOM: scenery: create altars
  6259 | D:7      | XOM: enchant monster (bad)
  6297 | D:7      | XOM: enchant monster (bad)
  6302 | D:7      | Noticed a hippogriff
  6408 | D:6      | Reached skill level 10 in Long Blades
  6408 | D:6      | Reached XP level 9. HP: 58/63 MP: 9/9
  6503 | D:7      | XOM: enchant monster (bad)
  6504 | D:7      | XOM: cast spell 'Disjunction'
  6513 | D:7      | XOM: confuse monster(s)
  6525 | D:7      | XOM: cleaving
  6534 | D:6      | XOM: divine lightning (protected)
  6539 | D:6      | XOM: scenery: create altars
  6570 | D:6      | XOM: give mutations
  6570 | D:6      | Gained mutation: You are somewhat resistant to further mutation. [Xom's grace]
  6570 | D:6      | Lost mutation: You are somewhat resistant to further mutation. [Xom's grace]
  6570 | D:6      | Gained mutation: You evolve. [Xom's grace]
  6570 | D:6      | Gained mutation: You can translocate small distances at will. [Xom's grace]
  6619 | D:6      | Reached skill level 1 in Evocations
  6807 | D:7      | Reached skill level 5 in Shields
  6940 | D:7      | XOM: 5-stop teleportation journey
  6942 | D:7      | Noticed Sigmund
  6951 | D:7      | Killed Sigmund
  6974 | D:7      | Noticed Edmund
  6981 | D:7      | Killed Edmund
  7142 | D:7      | XOM: summons friendly quasit
  7159 | D:7      | XOM: enchant monster (good)
  7481 | D:7      | Lost mutation: Scrolls take you a little longer to read. [evolution]
  7556 | D:8      | XOM: confuse monster(s)
  7578 | D:8      | XOM: silly message
  7633 | D:8      | Found a hide-covered altar of Uskayaw.
  7633 | D:8      | Noticed a dagger
  7633 | D:8      | Noticed a dagger
  7692 | D:8      | Found a radiant altar of Vehumet.
  7750 | D:8      | Gained mutation: You may emit foul miasma when damaged in melee. [demonic ancestry]
  7750 | D:8      | Reached XP level 10. HP: 55/70 MP: 13/13
  7828 | D:8      | Found a staircase to the Lair.
  7851 | D:8      | XOM: enchant monster (bad)
  7865 | D:8      | XOM: mild Erth miscast
  7890 | D:8      | XOM: harmless Tmut miscast
  8218 | D:8      | Reached skill level 5 in Evocations
  8366 | D:8      | XOM: summons friendly crimson imp
  8448 | D:8      | XOM: harmless Divn miscast
  8612 | Lair:1   | Entered Level 1 of the Lair of Beasts
  8651 | Lair:1   | XOM: summons 5 hostile demons
  8659 | Lair:1   | XOM: mild Erth miscast
  8664 | Lair:1   | Reached skill level 5 in Fighting
  8666 | Lair:1   | XOM: god gift: runed broad axe {god gift}
  8673 | D:8      | XOM: swap monsters
  9108 | Lair:1   | XOM: harmless Pois miscast
  9364 | Lair:1   | XOM: summons 1 hostile shadow creature
  9502 | Lair:1   | XOM: 1-stop teleportation journey
  9645 | Lair:1   | Noticed a seven-headed hydra
  9650 | Lair:1   | XOM: enchant monster (good)
  9651 | Lair:1   | XOM: god gift: 7 arrows
  9658 | Lair:1   | Killed a ten-headed hydra
  9865 | Lair:1   | XOM: give mutations
  9865 | Lair:1   | Gained mutation: You possess an exceptional clarity of mind. [Xom's grace]
  9865 | Lair:1   | Gained mutation: Your mind is very acute. (Int +4) [Xom's grace]
 10062 | Lair:2   | Noticed a spiny frog
 10065 | Lair:2   | XOM: divination: magic mapping
 10072 | Lair:2   | Killed a spiny frog
 10290 | Lair:1   | XOM: mild Pois miscast
 10334 | Lair:2   | XOM: give mutations
 10334 | Lair:2   | Gained mutation: You are robust. (+10% HP) [Xom's grace]
 10334 | Lair:2   | Gained mutation: Your muscles are very strong. (Str +4) [Xom's grace]
 10340 | Lair:2   | XOM: scenery: create altars
 10349 | Lair:2   | XOM: potion effect (agility)
 10448 | Lair:2   | Reached XP level 11. HP: 66/95 MP: 14/14
 10469 | Lair:2   | XOM: noise
 10971 | Lair:2   | XOM: summons friendly ufetubus
 11069 | Lair:2   | XOM: silly message
 11261 | Lair:2   | XOM: noise
 11408 | Lair:3   | XOM: medium Fire miscast
 11438 | Lair:3   | Found a dark tunnel.
 11445 | Volcano  | XOM: noise
 11445 | Volcano  | Entered a volcano
 11459 | Volcano  | Noticed Kloppie's ghost (journeyman GrBe)
 11496 | Volcano  | Reached skill level 5 in Armour
 11797 | Volcano  | Noticed a stone giant
 11809 | Volcano  | Killed a stone giant
 11831 | Volcano  | XOM: give mutation
 11831 | Volcano  | Gained mutation: You are extremely resistant to the effects of hostile enchantments. (MR+++) [Xom's grace]
 11850 | Volcano  | Lost mutation: You are extremely resistant to the effects of hostile enchantments. (MR+++) [potion of mutation]
 11989 | Lair:3   | XOM: 1-stop teleportation journey
 12153 | D:9      | Found an ancient bone altar of Kikubaaqudgha.
 12183 | D:9      | Noticed Maurice
 12214 | D:9      | Killed Maurice
 12430 | D:9      | Found Lupihage's Food Shoppe.
 12500 | D:9      | Found a staircase to the Orcish Mines.
 12500 | D:9      | XOM: 2-stop teleportation journey
 12740 | D:9      | XOM: noise
 12746 | D:9      | XOM: enchant monster (good)
 12969 | D:9      | Found a glowing silver altar of Zin.
 12970 | D:9      | Noticed an oklob plant
 12986 | D:9      | Killed an oklob plant
 13252 | D:9      | XOM: noise
 13347 | D:10     | Entered Level 10 of the Dungeon
 13412 | D:10     | XOM: god gift: 17 gold pieces
 13480 | D:10     | Noticed a hill giant
 13484 | D:10     | XOM: scenery: create altars
 13487 | D:10     | Killed a hill giant
 13528 | D:10     | Reached XP level 12. HP: 86/104 MP: 15/15
 13539 | D:10     | XOM: divination: detect items
 13735 | D:10     | XOM: scenery: create altars
 14081 | D:11     | Noticed a rakshasa
 14094 | D:11     | XOM: cleaving
 14107 | D:11     | Killed a rakshasa
 14107 | D:11     | Reached skill level 10 in Armour
 14187 | D:11     | XOM: 3-stop teleportation journey
 14281 | D:11     | XOM: 1-stop teleportation journey
 14329 | D:11     | Noticed ender666's ghost (journeyman GrFi)
 14449 | D:11     | XOM: summons 6 friendly demons
 14455 | D:11     | Killed ender666's ghost
 14666 | D:11     | XOM: god gift: 14 stones
 15109 | D:11     | XOM: give mutations
 15109 | D:11     | Gained mutation: Your system is resistant to poisons. (rPois) [Xom's grace]
 15109 | D:11     | Gained mutation: You rapidly evolve. [Xom's grace]
 15109 | D:11     | Gained mutation: You have an increased reservoir of magic. (+10% MP) [Xom's grace]
 15117 | D:11     | XOM: god gift: scroll of teleportation
 15136 | D:11     | Identified a scroll of acquirement
 15175 | D:9      | Gained mutation: You have sharp toenails. [evolution]
 15175 | D:9      | Lost mutation: You rapidly evolve. [end of evolution]
 15323 | Lair:3   | XOM: polymorph porcupine -> steam dragon
 15336 | Lair:3   | Noticed a six-headed hydra
 15339 | Lair:3   | XOM: divine lightning
 15345 | Lair:2   | Killed a three-headed hydra
 15429 | Lair:2   | XOM: god gift: 1480 gold pieces
 15541 | Lair:3   | XOM: 2-stop teleportation journey
 15569 | Lair:3   | XOM: fog
 15594 | Lair:3   | XOM: mild Tloc miscast
 15669 | Lair:3   | XOM: 6-stop teleportation journey
 15694 | Lair:3   | XOM: mild Conj miscast
 15804 | Lair:3   | Noticed a six-headed hydra
 15813 | Lair:3   | Killed a five-headed hydra
 15817 | Lair:3   | XOM: give mutations
 15817 | Lair:3   | Gained mutation: You are very robust. (+20% HP) [Xom's grace]
 15817 | Lair:3   | Gained mutation: Your flesh is almost immune to the effects of heat. (rF+++) [Xom's grace]
 15817 | Lair:3   | Gained mutation: You have supernaturally acute eyesight. (SInv) [Xom's grace]
 15817 | Lair:3   | Gained mutation: You are extremely resistant to the effects of hostile enchantments. (MR+++) [Xom's grace]
 15932 | Lair:3   | Identified the Grimoire of the Escort and the Volcanoes
 16132 | Lair:3   | XOM: mild Summ miscast
 16237 | Lair:3   | XOM: confuse monster(s)
 16288 | Lair:4   | Got a wavering tin ring
 16298 | Lair:4   | Identified the ring "Ubaelockot" {Fire Str+4 SInv} (You found it on level 4 of the Lair of Beasts)
 16429 | Lair:4   | XOM: mild Hex miscast
 16468 | Lair:4   | XOM: give mutations
 16468 | Lair:4   | Lost mutation: Your spells are harder to cast, but more powerful. [Xom's mischief]
 16468 | Lair:4   | Lost mutation: You have sharp toenails. [Xom's mischief]
 16468 | Lair:4   | Lost mutation: Your system is resistant to poisons. (rPois) [Xom's mischief]
 16513 | Lair:4   | Gained mutation: You have a pair of antennae on your head. [demonic ancestry]
 16513 | Lair:4   | Reached XP level 13. HP: 121/121 MP: 18/18
 16551 | Lair:4   | XOM: medium Fire miscast
 16670 | Lair:4   | Found a hole to the Spider Nest.
 16853 | Lair:4   | Found a staircase to the Swamp.
 16935 | Lair:4   | XOM: noise
 17320 | Lair:5   | Found a viscous altar of Jiyva.
 17321 | Lair:5   | Found a staircase to the Slime Pits.
 17481 | Lair:5   | XOM: 2-stop teleportation journey
 17572 | Lair:5   | Lost mutation: You possess an exceptional clarity of mind. [evolution]
 17650 | Lair:5   | XOM: draining
 17658 | Lair:5   | XOM: mild Pois miscast
 17715 | Lair:6   | Entered Level 6 of the Lair of Beasts
 17734 | Lair:6   | XOM: summons 2 friendly demons
 17922 | Lair:6   | XOM: destruction
 17923 | Lair:6   | Noticed Rupert
 17934 | Lair:6   | Killed Rupert
 18085 | Lair:6   | XOM: summons 1 hostile demon
 18363 | Lair:6   | Found a runed door.
 18445 | Lair:6   | XOM: confusion
 18467 | Lair:6   | XOM: enchant monster (good)
 18472 | Lair:6   | XOM: polymorph tyrant leech -> great orb of eyes
 18677 | Lair:6   | XOM: summons 5 hostile demons
 18684 | Lair:6   | XOM: harmless Chrm miscast
 18963 | Lair:6   | XOM: potion effect (agility)
 19062 | Lair:6   | Got an ichor-stained quarterstaff
 19113 | Lair:6   | XOM: divination: magic mapping
 19135 | Lair:6   | Reached skill level 10 in Fighting
 19199 | Lair:6   | XOM: divination: detect items
 19200 | Lair:6   | Noticed a dire elephant
 19205 | Lair:6   | XOM: enchant monster (good)
 19219 | Lair:6   | Gained mutation: You have a pair of large antennae on your head. (SInv) [demonic ancestry]
 19219 | Lair:6   | Reached XP level 14. HP: 83/132 MP: 12/19
 19220 | Lair:6   | XOM: divination: detect items
 19228 | Lair:6   | XOM: enchant monster (bad)
 19242 | Lair:6   | XOM: confuse monster(s)
 19252 | Lair:6   | XOM: confuse monster(s)
 19291 | Lair:5   | XOM: divination: detect items
 19495 | Lair:5   | XOM: scenery: 2 doors open
 19598 | Lair:6   | XOM: 1-stop teleportation journey
 19607 | Lair:6   | XOM: cloud trail
 19709 | Lair:6   | Noticed Snorg
 19709 | Lair:6   | XOM: 2-stop teleportation journey
 19830 | Lair:6   | XOM: 1-stop teleportation journey
 19984 | Lair:6   | Killed Snorg
 20066 | Lair:6   | Identified the cursed +2 quarterstaff "Muahaunn" {flame, -Tele Str+4 Stlth+} (You found it on level 6 of the Lair of Beasts)
 20159 | Lair:6   | XOM: mild Pois miscast
 20188 | Lair:6   | XOM: summons 7 hostile demons
 20195 | Lair:6   | XOM: harmless Tmut miscast
 20781 | Lair:6   | XOM: polymorph fire dragon -> ice dragon
 20987 | Lair:5   | XOM: 5-stop teleportation journey
 21133 | Lair:3   | XOM: harmless Chrm miscast
 21175 | Spider:1 | Entered Level 1 of the Spider Nest
 21375 | Spider:1 | XOM: polymorph tarantella -> eye of draining
 21377 | Spider:1 | XOM: blink monster(s)
 21745 | Spider:1 | XOM: blink monster(s)
 21841 | Spider:1 | XOM: god gift: bread ration
 21843 | Spider:1 | XOM: harmless Tmut miscast
 22027 | Spider:1 | XOM: smoke on damage
 22210 | Spider:1 | XOM: polymorph jumping spider -> shining eye
 22212 | Spider:1 | Lost mutation: Your mind is very acute. (Int +4) [a shining eye]
 22225 | Spider:1 | Gained mutation: You expend magic power (3 MP) to strengthen your wands. [a shining eye]
 22232 | Spider:1 | XOM: medium Divn miscast
 22244 | Spider:1 | XOM: polymorph orb spider -> guardian serpent
 22336 | Spider:1 | Lost mutation: Your mind is acute. (Int +2) [evolution]
 22660 | Spider:1 | XOM: summons 7 hostile demons
 22771 | Spider:1 | Noticed Asterion
 22785 | Spider:1 | HP: 4/132 [green death/poison arrow[Asterion] (16)]
 22790 | Spider:1 | XOM: summons 3 hostile demons
 22791 | Spider:1 | XOM: torment (10/132 hp)
 22792 | Spider:1 | Mangled by a green death

Skill      XL: |  1  2  3  4  5  6  7  8  9 10 11 12 13 14 |
---------------+-------------------------------------------+-----
Armour         | 2 3 9 11 14 | 14.0
Dodging        | 1 2 |  2.0
Long Blades    | 3 4 5 7 8 10 12 14 | 14.5
Shields        | 3 7 8 |  8.0
Evocations     | 4 5 |  5.0
Fighting       | 8 9 10 | 10.1

Action                   |  1- 3 |  4- 6 |  7- 9 | 10-12 | 13-15 || total
-------------------------+-------+-------+-------+-------+-------++-------
Melee: Falchion          |    86 |   152 |   292 |   290 |       ||   820
       Unarmed           |     2 |       |       |       |       ||     2
       Triple sword      |       |       |       |   428 |   478 ||   906
       Scimitar          |       |       |       |    29 |       ||    29
 Fire: Blowgun           |       |     7 |     7 |     1 |       ||    15
       Shortbow          |       |       |     1 |       |       ||     1
Throw: Stone             |       |    17 |    21 |     8 |       ||    46
 Cast: Corona            |       |       |       |     2 |       ||     2
 Abil: Blink             |       |       |     1 |     8 |     5 ||    14
       Evoke Invisibilit |       |       |       |     2 |     3 ||     5
Evoke: Wand              |       |       |       |     4 |     3 ||     7
  Use: Potion            |       |     1 |     4 |     7 |     7 ||    19
       Scroll            |       |       |    17 |    22 |     7 ||    46
 Stab: Paralysed         |     2 |       |     2 |     2 |       ||     6
       Petrifying        |       |       |     1 |       |       ||     1
       Confused          |       |       |     1 |     5 |       ||     6
       Petrified         |       |       |       |     2 |       ||     2
       Invisible         |       |       |       |       |     5 ||     5
  Eat: Chunk             |     1 |     7 |    13 |    38 |    18 ||    77
       Fruit             |       |       |     1 |       |     5 ||     6
       Royal jelly       |       |       |       |       |     1 ||     1
Armor: Leather armour    |    34 |    55 |    81 |    90 |       ||   260
       Plate armour      |       |       |       |   367 |   535 ||   902
Dodge: Dodged            |    56 |    73 |    91 |   233 |   237 ||   690
Block: Shield            |       |       |    62 |   129 |       ||   191
       Rpst.: Falchion   |    17 |    18 |    30 |    13 |       ||    78
       Triple sword      |       |       |       |    32 |    50 ||    82
       Scimitar          |       |       |       |     1 |       ||     1
